 Dungeon Crawl Stone Soup version 0.31.0-9-g3a7656b989 (webtiles) character file.

Game seed: 17449699496701539700

30 Kass the Ducker (level 3, -2/28 HPs)
             Began as a Merfolk Gladiator on Jan 31, 2024.
             Slain by Terence
             ... wielding a +1 short sword of protection
              (7 damage)
             ... on level 2 of the Dungeon.
             The game lasted 00:01:16 (774 turns).

Kass the Ducker (Merfolk Gladiator)                  Turns: 774, Time: 00:01:18

Health: -2/28      AC:  4    Str: 16    XL:     3   Next: 18%
Magic:  3/3        EV: 13    Int:  7    God:
Gold:   34         SH:  0    Dex: 15    Spells: 2/2 levels left

rFire   . . .        a - +0 trident
rCold   . . .        (no shield)
rNeg    . . .        b - +0 leather armour
rPois   .            c - +0 helmet
rElec   .            (no cloak)
rCorr   .            (no gloves)
SInv    .            (no boots)
Will    +....        (no amulet)
Stlth   +            (no ring)
HPRegen 0.24/turn    (no ring)
MPRegen 0.08/turn

%: no passive effects
@: enlightened, flying
A: (nimble swimmer 2), mertail
a: no special abilities


You were on level 2 of the Dungeon.
You visited 1 branch of the dungeon, and saw 2 of its levels.

You collected 34 gold pieces.

Inventory:

Hand Weapons
 a - a +0 trident (weapon)
 m - a +0 orcbow
Missiles
 d - 3 throwing nets (quivered)
 e - a javelin
Armour
 b - a +0 leather armour (worn)
 c - a +0 helmet (worn)
Scrolls
 f - a scroll of acquirement {unknown}
 g - a scroll of identify {unknown}
 j - a scroll of enchant armour {unknown}
 k - a scroll of teleportation {unknown}
 l - a scroll of fog {unknown}
Potions
 h - a potion of enlightenment


   Skills:
 + Level 2.7 Fighting
 + Level 4.4 Polearms
 + Level 2.4 Throwing
 + Level 4.4 Dodging


You had 2 spell levels left.
You didn't know any spells.
Your spell library was empty.

Dungeon Overview and Level Annotations

Branches:
Dungeon (2/15)

Altars:

Annotations:
D:2 Terence


Innate Abilities, Weirdness & Mutations

((You are very nimble when in or above water. (Stealth+, EV+, Speed+++)))
Your lower body shifts to a powerful aquatic tail in water.


Message History

You hit Terence but do no damage.
Terence is moderately wounded.
Terence hits you with a +1 short sword of protection.
You hit Terence but do no damage.
Terence is moderately wounded.
Terence hits you but does no damage.
Sorry, you're not good enough to have a special ability.
It was a potion of enlightenment.
You feel very buoyant.
You fly up into the air.
Terence closely misses you.
It was a potion of curing.
You feel better. Terence barely misses you.
You hit Terence but do no damage.
Terence is moderately wounded.
Terence hits you with a +1 short sword of protection.
You hit Terence.
Terence is moderately wounded.
Terence barely misses you.
You hit Terence but do no damage.
Terence is moderately wounded.
Terence hits you with a +1 short sword of protection.
You hit Terence but do no damage.
Terence is moderately wounded.
Terence hits you with a +1 short sword of protection.
You barely miss Terence.
Terence is moderately wounded.
Terence hits you with a +1 short sword of protection.
You barely miss Terence.
Terence is moderately wounded.
Terence hits you with a +1 short sword of protection.
* * * LOW HITPOINT WARNING * * *
You hit Terence but do no damage.
Terence is moderately wounded.
Terence misses you.
You closely miss Terence.
Terence is moderately wounded.
Terence hits you with a +1 short sword of protection.
* * * LOW HITPOINT WARNING * * *
Terence hits you with a +1 short sword of protection!
You die...
Terence says, "Rest in peace."

#.# #.# #.# #.# #.#
#.# #.# #.# #.# #.#
#.# ##[##
#.####...##.###
########......@@......
#..........##...##.###
#.########.###.##
#>..........#
#.#####........ #.#
######### #># #)#
######.#


You could see Terence.

Vanquished Creatures
  A gnoll (D:1)
  A dart slug (D:1)
  2 endoplasms (D:1)
  2 giant cockroaches (D:1)
  2 goblins
  3 hobgoblins (D:1)
  A kobold (D:2)
  A ball python (D:1)
  A frilled lizard (D:1)
  2 rats (D:1)
16 creatures vanquished.

Notes
Turn   | Place    | Note
-------+----------+-------------------------------------------
     0 | D:1      | Kass the Merfolk Gladiator began the quest for the Orb.
     0 | D:1      | Reached XP level 1. HP: 16/16 MP: 1/1
   217 | D:1      | Reached XP level 2. HP: 23/23 MP: 2/2
   455 | D:1      | Reached XP level 3. HP: 28/28 MP: 3/3
   745 | D:2      | Noticed Terence
   774 | D:2      | Slain by Terence

Illustrated notes

Levels and vault maps discovered:
D:1:      amcnicky_arrival_gap_in_the_tavern_cellar, layout_loops_ring,
          grunt_decor_junction, minmay_pentomino_s2
D:2:      layout_loops_ring, uniq_terence

Action                     || total
---------------------------++-------
  Melee: Trident           ||    68
         Punch             ||     1
    Use: Potion            ||     2
   Stab: Sleeping          ||     1
 Armour: Leather armour    ||    24
  Dodge: Dodged            ||    27
